 Dungeon Sprint DCSS version 0.21-a0-47-g7c8f537 (webtiles) character file.

194319 Kidiri the Sorcerer (level 16, -9/97 HPs)
             Began as a Deep Elf Fire Elementalist on June 8, 2017.
             Was the Champion of Vehumet.
             Shot with a silver bolt by a pristine statue (11 damage)
             ... in the Dungeon (Sprint III: "The Ten Rune Challenge").
             The game lasted 01:24:27 (12608 turns).

Kidiri the Sorcerer (Deep Elf Fire Elementalist)   Turns: 12608, Time: 01:24:28

Health: -9/97      AC: 14    Str: 14    XL:     16   Next: 96%
Magic:  17/67      EV: 19    Int: 35    God:    Vehumet [******]
Gold:   1348       SH: 26    Dex: 14    Spells: 2/67 levels left

rFire    + + +     SeeInvis .   C - +10 dagger "Jellyslayer" {flame, *Corrode rN++ Int+5}
rCold    + . .     Gourm    .   D - +3 large shield {reflect}
rNeg     + + +     Faith    .   b - +1 robe of Koumezeu {rF+ rC+ rCorr}
rPois    +         Spirit   .   g - +3 hat of Pondering {ponderous, MR+ MP+10 Int+5}
rElec    +         Reflect  +   G - +2 ratskin cloak {+Rats rPois rN+ Str-1 Int-1 Dex+1}
rCorr    +         Harm     .   E - +1 pair of gloves
MR       ++...     NoTele   +   a - +0 pair of boots {run}
Stlth    +.........             t - amulet "Uver" {Reflect rF+ Str+4 Slay+2 SH+4}
Regen    0.7/turn               f - ring of Pride {+Blink rElec rN+ Str+6 Int-2}
MPRegen  0.4/turn               x - ring of magical power

@: glowing, silenced
A: clumsy 1, fire resistance 1, frail 1, regeneration 1
}: 3/10 runes: barnacled, silver, golden
a: Renounce Religion, Evoke Blink, Evoke Ratskin


You were in the Dungeon.
You worshipped Vehumet.
Vehumet was exalted by your worship.
You were full.

You visited 1 branch You collected 2967 gold pieces.
You spent 1619 gold pieces at shops.

Inventory:

Hand Weapons
 C - the +10 dagger "Jellyslayer" (weapon) {flame, *Corrode rN++ Int+5}
   (You took it off a deep elf demonologist in the Dungeon)

   It has been specially enchanted to burn those struck by it, causing extra
   injury to most foes and up to half again as much damage against particularly
   susceptible opponents.
   It affects your intelligence (+5).
   It greatly protects you from negative energy.
   It may corrode you when you take damage.
Armour
 a - a +0 pair of boots of running (worn)
 b - the +1 robe of Koumezeu (worn) {rF+ rC+ rCorr}
   (You bought it in a shop in the Dungeon)

   It protects you from fire.
   It protects you from cold.
   It protects you from acid and corrosion.
 g - the +3 hat of Pondering (worn) {ponderous, MR+ MP+10 Int+5}
   (You took it off Gastronok in the Dungeon)

   It affects your intelligence (+5).
   It affects your resistance to hostile enchantments.
   It affects your magic capacity (+10).
 v - a scarf of repulsion
 D - a +3 large shield of reflection (worn)
 E - a +1 pair of gloves (worn)
 G - the +2 ratskin cloak (worn) {+Rats rPois rN+ Str-1 Int-1 Dex+1}
   (You acquired it in the Dungeon)

   It affects your strength (-1).
   It affects your intelligence (-1).
   It affects your dexterity (+1).
   It protects you from poison.
   It protects you from negative energy.
Jewellery
 f - the ring of Pride (left hand) {+Blink rElec rN+ Str+6 Int-2}
   (You acquired it in the Dungeon)

   [ring of positive energy]

   It affects your strength (+6).
   It affects your intelligence (-2).
   It insulates you from electricity.
   It protects you from negative energy.
   It lets you blink.
 i - an uncursed ring of flight
 t - the amulet "Uver" (around neck) {Reflect rF+ Str+4 Slay+2 SH+4}
   (You acquired it in the Dungeon)

   [amulet of reflection]

   It shields you and reflects attacks.
   It affects your strength (+4).
   It affects your accuracy and damage with ranged weapons and melee attacks
   (+2).
   It protects you from fire.
   It affects your SH (+4).
 x - a ring of magical power (right hand)
Wands
 e - a wand of lightning (2/15)
 r - a wand of random effects (28/48)
 u - a wand of flame (35/48)
 M - a wand of iceblast (10/15)
 P - a wand of scattershot (3/9)
Scrolls
 m - 3 scrolls of torment
 y - 3 scrolls of amnesia
 B - a scroll of magic mapping {unknown}
 I - a scroll of silence
 K - a scroll of immolation {unknown}
Potions
 h - 3 potions of berserk rage
 j - a potion of might
 k - a potion of brilliance
 n - a potion of agility
 q - 4 potions of flight
 z - a potion of resistance {unknown}
Books
 F - a book of the Tempests

   Spells                             Type                      Level
   a - Static Discharge               Conjuration/Air              3
   b - Lightning Bolt                 Conjuration/Air              5
   c - Ignition                       Fire                         8
   d - Tornado                        Air                          9
   e - Shatter                        Earth                        9
 H - a book of Annihilations

   Spells                             Type                      Level
   a - Poison Arrow                   Conjuration/Poison           6
   b - Chain Lightning                Conjuration/Air              8
   c - Lehudib's Crystal Spear        Conjuration/Earth            8
   d - Glaciate                       Conjuration/Ice              9
   e - Fire Storm                     Conjuration/Fire             9
Comestibles
 c - a bread ration
 s - 9 royal jellies
 w - a meat ration


   Skills:
 + Level 15.2 Fighting
 - Level 11.3 Short Blades
 - Level 10.8 Armour
 - Level 13.9 Dodging
 - Level 2.4 Stealth
 * Level 15.9 Shields
 - Level 26.1 Spellcasting
 + Level 19.1 Conjurations
 + Level 19.4 Fire Magic
 + Level 16.4 Air Magic
 + Level 16.4 Earth Magic
 + Level 17.9 Poison Magic
 + Level 7.6 Evocations


You had 2 spell levels left.
You knew the following spells:

 Your Spells              Type           Power        Failure   Level  Hunger
a - Flame Tongue          Conj/Fire      #####        0%          1    None
b - Throw Flame           Conj/Fire      ######       0%          2    None
c - Conjure Flame         Conj/Fire      ########     0%          3    None
d - Inner Flame           Hex/Fire       #######.     1%          3    None
e - Ignite Poison         Fire/Tmut/Pois #######.     1%          3    None
f - Sticky Flame          Conj/Fire      ########     0%          4    None
g - Fireball              Conj/Fire      ########..   0%          5    None
h - Bolt of Magma         Conj/Fire/Erth ########..   0%          5    None
i - Bolt of Fire          Conj/Fire      ########..   1%          6    None
j - Airstrike             Air            ########..   0%          4    None
k - Ignition              Fire           ########..   1%          8    None
l - Iron Shot             Conj/Erth      ########..   1%          6    None
m - Lehudib's Crystal Sp  Conj/Erth      ########..   1%          8    None
n - Mephitic Cloud        Conj/Pois/Air  ########     0%          3    None
o - Olgreb's Toxic Radia  Pois           ########     0%          4    None


Dungeon Overview and Level Annotations

Branches:
Dungeon (1/1)

Altars:
Cheibriados
Dithmenos
Elyvilon
Fedhas
Gozag
Hepliaklqana
Kikubaaqudgha
Makhleb
Nemelex Xobeh
Okawaru
Qazlal
Ru
Sif Muna
Trog
Uskayaw
Vehumet
Wu Jian
Xom
Yredelemnul
Zin
The Shining One
Beogh
Jiyva
Lugonu

Shops:
D [%=[!}}}[?(*%!:((=}[!

Annotations:
D exclusions: 6 doors and 4 statues, Mennas


Innate Abilities, Weirdness & Mutations

You are clumsy. (Dex -2)
Your flesh is heat resistant. (rF+)
You are frail. (-10% HP)
Your natural rate of healing is unusually fast.


Message History

Okay, then.
Evoke which item? (* to show all) (? for menu, Esc to quit)
You don't have any such object.
Evoke which item? (* to show all) (? for menu, Esc to quit)
Okay, then.
Unknown command.
Evoke which item? (* to show all) (? for menu, Esc to quit)
Aiming: Lightning Bolt
Press: ? - help, Shift-Dir - straight line, f/p - Mennas
Aim: Mennas, wielding a sacred scourge of holy wrath and wearing a distressingly furry large shield (silenced, almost dead, radiating silence, haloed)
The bolt of lightning misses Mennas.
This wand has 2 charges left.
The pristine statue shoots a silver bolt.
You reflect the silver bolt off your +3 large shield of reflection!
The silver bolt hits the pristine statue but does no damage.
You block Mennas's attack.
Mennas hits you with a sacred scourge of holy wrath!
* * * LOW HITPOINT WARNING * * *
The pristine statue shoots a silver bolt.
The silver bolt hits you!
You die...

≈≈..∩∩.∩..≈≈▓ #.....
▓▓▓▓▓▓▓▓▓▓▓▓▓ #.....
#################'##
#8≈....≈8#..[###...#
#≈......≈#...##.....
#(......(#+###......
#........'...'......
#....(..(#'###......
#≈.@A...≈#≈≈≈##.....
#8≈....≈8#+#+###.§.#
####++####.#.# ##+##
#..+.....#+#####.≈≈≈
########.#..+∩∩#.≈≈.
##.####∩∩#.≈≈.
###...###..#.(≈.
+.......+..+..≈≈
###...###..#≈≈≈.


You could see Mennas and 4 pristine statues.

Vanquished Creatures
  Mara (D)
  2 greater mummies (D)
  Boris (D)
  Frederick (D)
  Nikola (D)
  A golden dragon (D)
  Rupert (D)
  2 liches (D)
  A titan (D)
  A deep elf blademaster (D)
  Gastronok (D)
  A kraken (D)
  Frances (D)
  A quicksilver dragon (D)
  2 sphinxes (D)
  An ancient champion (D)
  A storm dragon (D)
  Roxanne (D)
  Chuck (D)
  Donald (D)
  4 shadow dragons (D)
  A frost giant (D)
  4 azure jellies (D)
  A fire giant (D)
  2 deep elf demonologists (D)
  A stone giant (D)
  A deep elf annihilator (D)
  2 vampire knights (D)
  Azrael (D)
  2 dire elephants (D)
  A fire dragon (D)
  2 deep elf death magi (D)
  4 yaktaur captains (D)
  12 mummy priests (D)
  Erolcha (D)
  16 vault guards (D)
  2 alligator snapping turtles (D)
  2 centaur warriors (D)
  An ogre mage (D)
  An orc high priest (D)
  4 death yaks (D)
  4 dancing weapons (D)
  Urug (D)
  4 hell knights (D)
  An iron golem (D)
  A shadow wraith (D)
  5 skeletal warriors (D)
  An anaconda zombie (D)
  2 golden dragon zombies (D)
  A sea snake (shapeshifter) (D)
  An obsidian statue (D)
  A spectral iron dragon (D)
  An orange crystal statue (D)
  An orc knight (D)
  A lindwurm (D)
  A wolf spider (shapeshifter) (D)
  7 deep elf magi (D)
  4 crystal guardians (D)
  5 ugly things (D)
  2 oklob plants (D)
  A faun (shapeshifter) (D)
  A shining eye (shapeshifter) (D)
  2 black mambas (D)
  2 elephants (D)
  A stone giant skeleton (D)
  A molten gargoyle (D)
  4 statues (D)
  2 spiny frogs (D)
  A yaktaur (D)
  A rime drake (D)
  A komodo dragon (D)
  An anaconda simulacrum (D)
  17 guardian mummies (D)
  A queen bee (D)
  4 spriggan defenders (D)
  3 wandering mushrooms (D)
  3 hornets (D)
  2 tyrant leeches (D)
  8 blink frogs (D)
  A dream sheep (shapeshifter) (D)
  4 snapping turtles (D)
  5 slime creatures (D)
  5 redbacks (D)
  A shadow (D)
  A tarantella (shapeshifter) (D)
  2 swamp worms (shapeshifter) (D)
  A spatial vortex (D)
  2 iron troll simulacra (D)
  2 orc warriors (D)
  A swamp drake (D)
  A necrophage (D)
  5 two-headed ogres (D)
  A water elemental (D)
  A scorpion (D)
  32 killer bees (D)
  4 electric eels (D)
  A jelly (D)
  6 orc priests (D)
  A wizard (D)
  Jessica (D)
  2 necromancers (D)
  3 orc wizards (D)
  3 humans (D)
  A kobold demonologist (D)
  2 oozes (D)
  9 orcs (D)
  A bush (D)
  4 butterflies (D)
  A fungus (D)
  6 plants (D)
  2 tentacles (D)
300 creatures vanquished.

Vanquished Creatures (others)
  2 draconian scorchers (D)
  Nessos (D)
  A mummy priest (D)
  3 yaktaurs (D)
  6 hellions (D)
  An electric eel (D)
  5 ball lightnings (D)
  A ballistomycete (D)
  3 ballistomycete spores (D)
  6 plants (D)
  2 tentacles (D)
31 creatures vanquished.

Grand Total: 331 creatures vanquished

Notes
Turn   | Place    | Note
-------+----------+-------------------------------------------
     0 | D        | Kidiri the Deep Elf Fire Elementalist began the quest for the Orb.
     0 | D        | Reached XP level 1. HP: 10/10 MP: 6/6
    55 | D        | Reached skill level 1 in Fighting
    55 | D        | Reached skill level 1 in Armour
    55 | D        | Reached skill level 4 in Spellcasting
    55 | D        | Reached XP level 2. HP: 16/16 MP: 5/9
    88 | D        | Killed a hellion
    91 | D        | Noticed Jessica
    95 | D        | Killed Jessica
    95 | D        | Reached skill level 5 in Spellcasting
    95 | D        | Reached XP level 3. HP: 5/21 MP: 6/12
    99 | D        | Learned a level 2 spell: Throw Flame
   103 | D        | Learned a level 3 spell: Conjure Flame
   107 | D        | Learned a level 3 spell: Inner Flame
   115 | D        | Killed a hellion
   115 | D        | Killed a hellion
   117 | D        | Killed a hellion
   118 | D        | Killed a hellion
   123 | D        | Killed a yaktaur
   171 | D        | Killed a white draconian scorcher
   176 | D        | Killed a white draconian scorcher
   188 | D        | Killed a hellion
   354 | D        | Reached skill level 6 in Spellcasting
   442 | D        | Noticed a scorpion
   448 | D        | Killed a scorpion
   448 | D        | Reached skill level 1 in Short Blades
   448 | D        | Reached XP level 4. HP: 27/27 MP: 5/14
   456 | D        | Learned a level 4 spell: Sticky Flame
   475 | D        | Gained mutation: You are somewhat resistant to further mutation. [potion of mutation]
   475 | D        | Gained mutation: You have large cloven feet. [potion of mutation]
   476 | D        | Lost mutation: You are somewhat resistant to further mutation. [potion of mutation]
   476 | D        | Lost mutation: You have large cloven feet. [potion of mutation]
   476 | D        | Gained mutation: Your spells are a little easier to cast, but a little less powerful. [potion of mutation]
   476 | D        | Gained mutation: You are partially covered in thin metallic scales. (AC +2) [potion of mutation]
   477 | D        | Lost mutation: Your spells are a little easier to cast, but a little less powerful. [potion of mutation]
   477 | D        | Lost mutation: You are partially covered in thin metallic scales. (AC +2) [potion of mutation]
   477 | D        | Gained mutation: You are clumsy. (Dex -2) [potion of mutation]
   477 | D        | Gained mutation: Your flesh is heat resistant. (rF+) [potion of mutation]
   477 | D        | Gained mutation: Your natural rate of healing is unusually fast. [potion of mutation]
   552 | D        | Noticed a water elemental
   555 | D        | Killed a water elemental
   555 | D        | Reached skill level 5 in Dodging
   555 | D        | Reached skill level 7 in Spellcasting
   555 | D        | Reached skill level 5 in Fire Magic
   555 | D        | Reached XP level 5. HP: 32/32 MP: 10/17
   600 | D        | Found a radiant altar of Vehumet.
   601 | D        | Found a deep blue altar of Sif Muna.
   601 | D        | Found an ancient bone altar of Kikubaaqudgha.
   604 | D        | Reached skill level 8 in Spellcasting
   607 | D        | Became a worshipper of Vehumet
   617 | D        | Learned a level 5 spell: Fireball
   673 | D        | Found a glowing silver altar of Zin.
   676 | D        | Found a glowing golden altar of the Shining One.
   676 | D        | Found a white marble altar of Elyvilon.
   676 | D        | Noticed a deep elf mage
   685 | D        | Killed a deep elf mage
   685 | D        | Reached skill level 10 in Spellcasting
   685 | D        | Reached XP level 6. HP: 39/39 MP: 14/21
   685 | D        | Reached XP level 7. HP: 44/44 MP: 15/23
   730 | D        | Found an ornate altar of the Wu Jian Council.
   730 | D        | Found a roughly hewn altar of Beogh.
   730 | D        | Found an iron altar of Okawaru.
   730 | D        | Found a bloodstained altar of Trog.
   730 | D        | Found a hide-covered altar of Uskayaw.
   730 | D        | Noticed a human
   734 | D        | Noticed a human
   736 | D        | Killed a human
   736 | D        | Killed a human
   736 | D        | Reached skill level 5 in Short Blades
   736 | D        | Reached skill level 11 in Spellcasting
   736 | D        | Reached * piety under Vehumet
   736 | D        | Offered knowledge of Freeze by Vehumet.
   814 | D        | Found a basalt altar of Yredelemnul.
   814 | D        | Found a shadowy altar of Dithmenos.
   814 | D        | Found a sacrificial altar of Ru.
   819 | D        | Reached skill level 5 in Fighting
   819 | D        | Reached skill level 5 in Armour
   848 | D        | Reached ** piety under Vehumet
   848 | D        | Reached XP level 8. HP: 49/49 MP: 18/25
   857 | D        | Reached skill level 12 in Spellcasting
   938 | D        | Found a blossoming altar of Fedhas.
   938 | D        | Found a stormy altar of Qazlal.
   939 | D        | Found a snail-covered altar of Cheibriados.
   939 | D        | Found a burning altar of Makhleb.
   939 | D        | Found a hazy altar of Hepliaklqana.
   939 | D        | Found a shimmering altar of Xom.
   939 | D        | Found an opulent altar of Gozag.
   939 | D        | Found a sparkling altar of Nemelex Xobeh.
   939 | D        | Found a corrupted altar of Lugonu.
   939 | D        | Found a viscous altar of Jiyva.
   956 | D        | Offered knowledge of Sting by Vehumet.
  1052 | D        | Reached *** piety under Vehumet
  1151 | D        | Noticed a two-headed ogre
  1159 | D        | Killed a two-headed ogre
  1159 | D        | Offered knowledge of Ignite Poison by Vehumet.
  1159 | D        | Reached skill level 13 in Spellcasting
  1164 | D        | Learned a level 3 spell: Ignite Poison
  1180 | D        | Noticed a two-headed ogre
  1180 | D        | Noticed Erolcha
  1189 | D        | Killed Erolcha
  1189 | D        | Offered knowledge of Airstrike by Vehumet.
  1189 | D        | Reached XP level 9. HP: 19/55 MP: 22/28
  1194 | D        | Killed a two-headed ogre
  1194 | D        | Reached skill level 14 in Spellcasting
  1207 | D        | Learned a level 4 spell: Airstrike
  1282 | D        | Reached **** piety under Vehumet
  1282 | D        | Offered knowledge of Olgreb's Toxic Radiance by Vehumet.
  1290 | D        | Reached skill level 1 in Air Magic
  1355 | D        | Learned a level 4 spell: Olgreb's Toxic Radiance
  1362 | D        | Noticed a queen bee
  1365 | D        | Reached ***** piety under Vehumet
  1365 | D        | Offered knowledge of Bolt of Fire by Vehumet.
  1369 | D        | Killed a queen bee
  1369 | D        | Reached skill level 10 in Dodging
  1376 | D        | Reached XP level 10. HP: 48/61 MP: 30/30
  1380 | D        | Reached skill level 15 in Spellcasting
  1438 | D        | Learned a level 6 spell: Bolt of Fire
  1447 | D        | Reached ****** piety under Vehumet
  1447 | D        | Offered knowledge of Freezing Cloud by Vehumet.
  1473 | D        | Reached skill level 5 in Poison Magic
  1605 | D        | Reached skill level 10 in Fire Magic
  1653 | D        | Noticed a spiny frog
  1653 | D        | Noticed a spiny frog
  1655 | D        | Killed a spiny frog
  1655 | D        | Offered knowledge of Poison Arrow by Vehumet.
  1656 | D        | Killed a spiny frog
  1760 | D        | Reached skill level 16 in Spellcasting
  1892 | D        | Noticed a lindwurm
  1895 | D        | Killed a lindwurm
  1895 | D        | Reached skill level 10 in Conjurations
  1985 | D        | Noticed Urug
  1993 | D        | Killed Urug
  1993 | D        | Offered knowledge of Lightning Bolt by Vehumet.
  1993 | D        | Reached skill level 5 in Air Magic
  1993 | D        | Reached XP level 11. HP: 68/68 MP: 17/33
  2169 | D        | Learned a level 5 spell: Lightning Bolt
  2261 | D        | Noticed Rupert
  2305 | D        | Killed Rupert
  2305 | D        | Reached skill level 17 in Spellcasting
  2395 | D        | Noticed a death yak
  2396 | D        | Noticed a death yak
  2397 | D        | Noticed a death yak
  2400 | D        | Noticed a death yak
  2402 | D        | Killed a death yak
  2402 | D        | Offered knowledge of Iron Shot by Vehumet.
  2403 | D        | Killed a death yak
  2404 | D        | Killed a death yak
  2404 | D        | Killed a death yak
  2404 | D        | Reached skill level 10 in Short Blades
  2404 | D        | Reached skill level 18 in Spellcasting
  2604 | D        | Learned a level 6 spell: Iron Shot
  2605 | D        | Noticed an azure jelly
  2605 | D        | Noticed an azure jelly
  2615 | D        | Noticed a kraken
  2788 | D        | Reached XP level 12. HP: 75/75 MP: 24/36
  2838 | D        | Killed a kraken
  2838 | D        | Reached skill level 1 in Earth Magic
  2903 | D        | Offered knowledge of Conjure Ball Lightning by Vehumet.
  2953 | D        | Noticed an alligator snapping turtle
  2955 | D        | Noticed an alligator snapping turtle
  3088 | D        | Noticed an azure jelly
  3088 | D        | Noticed an azure jelly
  3089 | D        | Killed an alligator snapping turtle
  3252 | D        | Killed an alligator snapping turtle
  3400 | D        | Found Yfioxt's Antique Armour Shoppe.
  3400 | D        | Found Takos's Food Boutique.
  3400 | D        | Found Docusa's Jewellery Shop.
  3410 | D        | Got a barnacled rune of Zot
  3535 | D        | Found Roidaprich's Antique Armour Boutique.
  3538 | D        | Noticed an orc high priest
  3538 | D        | Offered knowledge of Ozocubu's Refrigeration by Vehumet.
  3543 | D        | Killed an orc high priest
  3550 | D        | Reached skill level 19 in Spellcasting
  3675 | D        | Found a roughly hewn altar of Beogh.
  3861 | D        | Bought a heavily jewelled robe for 148 gold pieces
  3861 | D        | Bought a pair of gloves for 117 gold pieces
  3861 | D        | Bought a pair of glowing boots for 195 gold pieces
  3871 | D        | Identified the cursed +1 robe of Koumezeu {rF+ rC+ rCorr} (You bought it in a shop in the Dungeon)
  3991 | D        | Bought a glowing scarf for 184 gold pieces
  3991 | D        | Bought a spiked leather armour for 161 gold pieces
  3991 | D        | Bought a glowing helmet for 172 gold pieces
  3991 | D        | Bought a pair of boots for 103 gold pieces
  4018 | D        | Identified the cursed +1 leather armour "Paptut" {*Drain +Fly rC+++ Int-3} (You bought it in a shop in the Dungeon)
  4139 | D        | Offered knowledge of Lehudib's Crystal Spear by Vehumet.
  4139 | D        | Offered knowledge of Glaciate by Vehumet.
  4139 | D        | Offered knowledge of Shatter by Vehumet.
  4170 | D        | Noticed a deep elf demonologist
  4172 | D        | Noticed a deep elf death mage
  4327 | D        | Noticed a deep elf blademaster
  4331 | D        | Killed a deep elf demonologist
  4333 | D        | Killed a deep elf blademaster
  4334 | D        | Killed a ghostly deep elf demonologist
  4473 | D        | Killed a deep elf death mage
  4485 | D        | Noticed a deep elf annihilator
  4486 | D        | Noticed a deep elf demonologist
  4490 | D        | Killed a deep elf demonologist
  4490 | D        | Reached skill level 5 in Earth Magic
  4490 | D        | Reached skill level 10 in Poison Magic
  4491 | D        | Noticed a deep elf death mage
  4672 | D        | Killed a deep elf annihilator
  4848 | D        | Killed a ghostly deep elf blademaster
  4848 | D        | Reached XP level 13. HP: 82/82 MP: 3/38
  4850 | D        | Killed a deep elf death mage
  5343 | D        | Killed a ghostly deep elf death mage
  5343 | D        | Reached skill level 20 in Spellcasting
  5501 | D        | Got an encrusted halberd {chop}
  5501 | D        | Got a pitted long sword {antimagic}
  5514 | D        | Got a crude dagger {flame}
  5526 | D        | Got a dazzling giant spiked club
  5533 | D        | Identified the Grimoire of Gliding Snow
  5533 | D        | Identified the Grimoire of Darkness and Augmentations
  5540 | D        | Identified the Disquisition on Aid and Combat Magic
  5656 | D        | Identified the +10 dagger "Jellyslayer" {flame, *Corrode rN++ Int+5} (You took it off a deep elf demonologist in the Dungeon)
  5743 | D        | Identified the +10 long sword of Dinoibei {antimagic, rN+} (You took it off a deep elf mage in the Dungeon)
  5782 | D        | Learned a level 3 spell: Mephitic Cloud
  5882 | D        | Noticed a dire elephant
  5882 | D        | Noticed a dire elephant
  5882 | D        | Noticed Gastronok
  5889 | D        | Killed a dire elephant
  5889 | D        | Reached skill level 10 in Armour
  5890 | D        | Killed a dire elephant
  5890 | D        | Reached skill level 10 in Fighting
  5891 | D        | Killed Gastronok
  6080 | D        | Killed an azure jelly
  6080 | D        | Killed an azure jelly
  6081 | D        | Killed an azure jelly
  6081 | D        | Reached skill level 21 in Spellcasting
  6082 | D        | Killed an azure jelly
  6082 | D        | Reached skill level 10 in Air Magic
  6161 | D        | Noticed Donald
  6161 | D        | Noticed Frances
  6166 | D        | Killed Frances
  6167 | D        | Killed Donald
  6327 | D        | Reached skill level 1 in Shields
  6537 | D        | Noticed a fire dragon
  6710 | D        | Killed a fire dragon
  6800 | D        | Reached XP level 14. HP: 46/90 MP: 41/41
  6803 | D        | Reached skill level 22 in Spellcasting
  6827 | D        | Got a warped quick blade
  6828 | D        | Identified the +1 quick blade "Qaihievu" {pierce, rC+} (You found it in the Dungeon)
  6929 | D        | Found Qoyx's Book Emporium.
  6929 | D        | Found Hoasmev's Antique Weapon Shop.
  6929 | D        | Found Sussizit's Food Boutique.
  6929 | D        | Found Zeax's Distillery.
  6929 | D        | Found Vegyll's Distillery.
  6929 | D        | Found Guresk's Antique Weapon Emporium.
  6929 | D        | Found Ceipluam's General Store.
  6929 | D        | Found Buzxucuts's Antique Armour Shop.
  6929 | D        | Found Weteppew's Antique Weapon Shop.
  6929 | D        | Found Nulo's Gadget Emporium.
  6929 | D        | Found Puix's Magic Scroll Emporium.
  6929 | D        | Found Ciqucvukh's Jewellery Boutique.
  6944 | D        | Bought a scroll of identify for 28 gold pieces
  6944 | D        | Bought a scroll of identify for 28 gold pieces
  6944 | D        | Bought a scroll of identify for 28 gold pieces
  6944 | D        | Bought a scroll of enchant armour for 105 gold pieces
  6944 | D        | Bought a scroll of blinking for 105 gold pieces
  7167 | D        | Noticed Azrael
  7171 | D        | Killed Azrael
  7314 | D        | Reached skill level 5 in Shields
  7618 | D        | Reached skill level 10 in Earth Magic
  7619 | D        | Reached skill level 15 in Fire Magic
  7671 | D        | Noticed a lich
  7674 | D        | Killed a lich
  7749 | D        | Noticed Chuck
  7753 | D        | Killed Chuck
  7753 | D        | Reached skill level 23 in Spellcasting
  7771 | D        | Gained mutation: You are frail. (-10% HP) [a shining eye]
  7828 | D        | Noticed Frederick
  7851 | D        | Killed Frederick
  7851 | D        | Reached skill level 15 in Conjurations
  7976 | D        | Noticed a lich
  7978 | D        | Killed a lich
  8013 | D        | Noticed a shadow dragon
  8014 | D        | Noticed a shadow dragon
  8028 | D        | Killed a shadow dragon
  8028 | D        | Killed a shadow dragon
  8266 | D        | Got a faintly humming scale mail
  8288 | D        | Identified the +6 scale mail of Hairiness {Int+4} (You found it in the Dungeon)
  8450 | D        | Noticed a sphinx
  8450 | D        | Noticed a sphinx
  8453 | D        | Killed a sphinx
  8453 | D        | Reached skill level 24 in Spellcasting
  8453 | D        | Reached XP level 15. HP: 86/86 MP: 45/45
  8455 | D        | Killed a sphinx
  8882 | D        | Reached skill level 10 in Shields
  9329 | D        | Noticed Boris
  9336 | D        | Killed Boris
  9336 | D        | Reached skill level 25 in Spellcasting
  9614 | D        | Found Zayxiono's Gadget Emporium.
  9614 | D        | Found Ajulaen's Gadget Shop.
  9614 | D        | Found Maposank's Gadget Shop.
  9614 | D        | Found Dotuseme's Armour Shoppe.
  9807 | D        | Reached skill level 15 in Poison Magic
  9957 | D        | Noticed Roxanne
  9963 | D        | Killed Roxanne
 10081 | D        | Found Iwiqairr's Distillery.
 10290 | D        | Noticed Mara
 10301 | D        | Killed Mara
 10304 | D        | Reached skill level 26 in Spellcasting
 10470 | D        | Bought an uncursed ring of flight for 245 gold pieces
 10647 | D        | Noticed an ancient champion
 10652 | D        | Killed an ancient champion
 10674 | D        | Learned a level 5 spell: Bolt of Magma
 10683 | D        | Learned a level 8 spell: Lehudib's Crystal Spear
 10839 | D        | Noticed Nikola
 10839 | D        | Noticed a storm dragon
 10848 | D        | Killed Nikola
 10848 | D        | Reached XP level 16. HP: 67/90 MP: 38/48
 10852 | D        | Killed a storm dragon
 11358 | D        | Killed Nessos
 11371 | D        | Got a jewelled quick blade {antimagic}
 11374 | D        | Noticed a greater mummy
 11386 | D        | Killed a greater mummy
 11523 | D        | Identified the +8 quick blade of Circular Logic {antimagic, rElec rPois rC+ Dex+3} (You took it off a guardian mummy in the Dungeon)
 11644 | D        | Noticed a greater mummy
 11649 | D        | HP: 3/87 [guardian mummy's death curse (25)]
 11654 | D        | Killed a greater mummy
 11654 | D        | Reached skill level 15 in Air Magic
 11807 | D        | Got a golden rune of Zot
 11808 | D        | Identified the Volume of Dusty Boosts
 11946 | D        | Learned a level 8 spell: Ignition
 11962 | D        | Identified a +0 pair of boots of running (You acquired it in the Dungeon)
 11963 | D        | Got a transparent granite ring
 11965 | D        | Identified the ring of Pride {+Blink rElec rN+ Str+6 Int-2} (You acquired it in the Dungeon)
 11967 | D        | Got a steaming lead amulet
 11969 | D        | Identified the amulet of the Pure Lives {RegenMP Str+6} (You acquired it in the Dungeon)
 11983 | D        | Got a coiled sapphire amulet
 11985 | D        | Identified the amulet "Uver" {Reflect rF+ Str+4 Slay+2 SH+4} (You acquired it in the Dungeon)
 12105 | D        | Noticed a shadow dragon
 12105 | D        | Noticed a titan
 12105 | D        | Noticed a quicksilver dragon
 12105 | D        | Noticed a shadow dragon
 12105 | D        | Noticed a golden dragon
 12107 | D        | Reached skill level 15 in Earth Magic
 12107 | D        | Reached skill level 1 in Evocations
 12107 | D        | Killed a quicksilver dragon
 12107 | D        | Reached skill level 15 in Shields
 12107 | D        | Reached skill level 5 in Evocations
 12109 | D        | Killed a golden dragon
 12109 | D        | Reached skill level 15 in Fighting
 12109 | D        | Killed a titan
 12109 | D        | Killed a shadow dragon
 12112 | D        | Killed a shadow dragon
 12182 | D        | Got a silver rune of Zot
 12562 | D        | Noticed Mennas
 12608 | D        | HP: 2/97 [Mennas/sacred scourge of holy wrath (12)]
 12608 | D        | Shot with a silver bolt by a pristine statue

Vault maps used:
D:        dungeon_sprint_mu

Skill      XL: |  1  2  3  4  5  6  7  8  9 10 11 12 13 14 15 16 |
---------------+-------------------------------------------------+-----
Fighting       | 1 2 4 5 6 7 8 9 11 12 13 15 | 15.2
Armour         | 1 2 4 5 6 7 8 9 10 | 10.8
Dodging        | 3 4 5 7 9 10 11 12 13 | 13.9
Spellcasting   | 4 5 6 7 10 11 13 14 16 18 19 21 24 26 | 26.1
Conjurations   | 2 3 4 6 8 9 10 11 12 14 15 17 19 | 19.1
Fire Magic     | 4 5 6 7 9 10 11 13 14 15 17 19 | 19.4
Short Blades   | 1 2 4 5 7 8 10 11 | 11.3
Poison Magic   | 2 4 6 8 10 12 13 15 17 | 17.9
Air Magic      | 2 5 7 8 10 12 14 16 | 16.4
Earth Magic    | 5 8 11 13 16 | 16.4
Shields        | 3 9 12 15 | 15.9
Evocations     | 7 |  7.6
Stealth        | |  2.4

Action                   |  1- 3 |  4- 6 |  7- 9 | 10-12 | 13-15 | 16-18 || total
-------------------------+-------+-------+-------+-------+-------+-------++-------
Melee: Dagger            |       |     1 |     4 |    10 |    69 |     1 ||    85
 Cast: Flame Tongue      |    17 |     4 |    51 |     6 |    11 |     4 ||    93
       Throw Flame       |     5 |       |     2 |       |       |       ||     7
       Conjure Flame     |       |     1 |     7 |    11 |     9 |     3 ||    31
       Sticky Flame      |       |     3 |     7 |    10 |     8 |     4 ||    32
       Inner Flame       |       |       |     2 |       |       |     4 ||     6
       Fireball          |       |       |     1 |     5 |    12 |       ||    18
       Olgreb's Toxic Ra |       |       |     2 |    21 |    11 |     1 ||    35
       Ignite Poison     |       |       |     1 |    32 |    19 |       ||    52
       Bolt of Fire      |       |       |       |    50 |    42 |    15 ||   107
       Iron Shot         |       |       |       |    25 |   140 |     4 ||   169
       Lightning Bolt    |       |       |       |    14 |     7 |       ||    21
       Airstrike         |       |       |       |       |     5 |       ||     5
       Mephitic Cloud    |       |       |       |       |     3 |       ||     3
       Lehudib's Crystal |       |       |       |       |     1 |    15 ||    16
       Bolt of Magma     |       |       |       |       |       |     5 ||     5
       Ignition          |       |       |       |       |       |     3 ||     3
 Abil: Evoke Flight      |       |       |       |       |     2 |       ||     2
       Evoke Blink       |       |       |       |       |       |    13 ||    13
       Evoke Ratskin     |       |       |       |       |       |     1 ||     1
Evoke: Wand              |       |       |       |       |       |     4 ||     4
  Use: Potion            |       |     3 |     1 |     4 |     5 |     5 ||    18
       Scroll            |       |       |       |     6 |     8 |     7 ||    21
 Stab: Sleeping          |       |     1 |     1 |     1 |       |       ||     3
  Eat: Chunk             |       |       |     2 |     7 |     1 |       ||    10
       Fruit             |       |       |       |     1 |     2 |       ||     3
       Royal jelly       |       |       |       |     5 |    10 |     5 ||    20
Armor: Robe              |       |       |       |     2 |     9 |     2 ||    13
Dodge: Dodged            |     6 |     3 |    26 |    38 |    56 |    16 ||   145
       Deflected         |       |       |       |       |     9 |       ||     9
Block: Shield            |       |       |       |       |    18 |       ||    18
       Reflection        |       |       |       |       |     9 |     8 ||    17
       Large shield      |       |       |       |       |    40 |    30 ||    70
